 Dungeon Crawl Stone Soup version 0.27-a0-522-g46bbb28828 (webtiles) character file.

Game seed: 17832586039328661912

145 kae the Chopper (level 5, 0/46 HPs)
             Began as a Hill Orc Gladiator on Mar 5, 2021.
             Slain by an orc wizard
             ... wielding a +0 dagger
              (3 damage)
             ... on level 3 of the Dungeon.
             The game lasted 00:02:28 (2683 turns).

kae the Chopper (Hill Orc Gladiator)                Turns: 2683, Time: 00:02:28

Health: 0/46       AC:  6    Str: 15 (18) XL:     5   Next: 27%
Magic:  5/5        EV: 11    Int:  8      God:
Gold:   84         SH:  9    Dex: 11 (12) Spells: 4/4 levels left

rFire    . . .     SeeInvis .   a - +1 war axe
rCold    . . .     Faith    .   g - +0 buckler
rNeg     . . .     Spirit   .   b - +1 leather armour
rPois    .         Reflect  +   c - +0 helmet
rElec    .         Harm     .   (no cloak)
rCorr    .         Rampage  .   k - +0 pair of gloves
Will     .....                  (no boots)
Stlth    +.........             e - amulet of reflection
HPRegen  0.15/turn              (no ring)
MPRegen  0.09/turn              (no ring)

@: no status effects
A: no striking features
a: no special abilities


You were on level 3 of the Dungeon.
You visited 1 branch of the dungeon, and saw 3 of its levels.

You collected 84 gold pieces.

Inventory:

Hand Weapons
 a - a +1 war axe (weapon)
Missiles
 d - 3 throwing nets (quivered)
Armour
 b - a +1 leather armour (worn)
 c - a +0 helmet (worn)
 g - a +0 buckler (worn)
 k - a +0 pair of gloves (worn)
Jewellery
 e - an amulet of reflection (around neck)
Scrolls
 f - 3 scrolls of enchant weapon
 j - 2 scrolls of magic mapping
Potions
 i - a potion of degeneration


   Skills:
 + Level 4.0 Fighting
 * Level 6.3 Axes
 - Level 1.7 Throwing
 - Level 2.4 Dodging
 + Level 1.6 Shields


You had 4 spell levels left.
You didn't know any spells.
Your spell library was empty.

Dungeon Overview and Level Annotations

Branches:
Dungeon (3/15)

Altars:
Gozag

Annotations:
D:2 Sigmund
D:3 Ijyb, Natasha


Message History

You barely miss the orc priest.
The orc priest is heavily wounded.
You hit the orc wizard.
The orc priest threatens, "By the altar or by the axe, you will meet Beogh!"
The orc priest hits you with a +0 mace! You block the orc wizard's attack.
You closely miss the orc priest.
The orc priest is heavily wounded.
You hit the orc wizard.
The orc priest calls upon Beogh to heal the orc wizard.
The orc wizard is healed somewhat.
You block the orc wizard's attack. You block the orc priest's attack.
You slash the orc priest!
You kill the orc priest!
You hit the orc wizard. You block the orc wizard's attack.
You feel your intelligence returning.
Your Fighting skill increases to level 4!
The orc wizard points at you and mumbles some strange words.
The puff of flame hits you!
* * * LOW HITPOINT WARNING * * *
Things that are here:
a +0 mace; an orc corpse Your leather armour prevents you from hitting the orc wizard.
The orc wizard is moderately wounded.
The orc wizard hits you but does no damage.
The orc wizard hits you with a +0 dagger.
* * * LOW HITPOINT WARNING * * *
Okay, then.
You closely miss the orc wizard.
The orc wizard is moderately wounded.
You block the orc wizard's attack.
You slash the orc wizard!
The orc wizard is severely wounded.
The orc wizard completely misses you.
Your shield prevents you from hitting the orc wizard.
The orc wizard is severely wounded.
You block the orc wizard's attack.
You hit the orc wizard.
The orc wizard is severely wounded.
The orc wizard hits you with a +0 dagger.
You die...

######***
......,,*##############
....(.,,+.............#
.)....,,*****#..@.....#
......,,+,,* #.o......#
......,,**,*#####'#...#
......,,**+##.....#...#
......,,,,.....####...###
......,,,,..............#
......,,,,..............#
......,,,,........).....#
.#####*,,,......).......#


You could see an orc wizard.

Vanquished Creatures
  An orc priest (D:3)
  4 adders (D:2)
  A gnoll (D:1)
  3 worms
  3 dart slugs (D:1)
  3 orcs
  3 ball pythons
  2 giant cockroaches (D:1)
  5 goblins
  6 hobgoblins
  4 jackals (D:2)
  A quokka (D:2)
  6 bats
  2 frilled lizards
  6 kobolds
  7 rats
57 creatures vanquished.

Notes
Turn   | Place    | Note
-------+----------+-------------------------------------------
     0 | D:1      | kae the Hill Orc Gladiator began the quest for the Orb.
     0 | D:1      | Reached XP level 1. HP: 18/18 MP: 1/1
   311 | D:1      | Reached XP level 2. HP: 23/25 MP: 2/2
   574 | D:1      | Reached skill level 5 in Axes
   668 | D:1      | Reached XP level 3. HP: 31/31 MP: 3/3
  1361 | D:2      | Found an opulent altar of Gozag.
  1373 | D:2      | Reached XP level 4. HP: 38/38 MP: 4/4
  1518 | D:2      | Noticed Sigmund
  1554 | D:3      | Noticed Ijyb
  1556 | D:3      | Noticed Natasha
  1590 | D:2      | HP: 1/38 [poisoned by an adder]
  1875 | D:2      | Reached skill level 1 in Shields
  2509 | D:2      | Reached skill level 6 in Axes
  2675 | D:3      | Reached XP level 5. HP: 21/46 MP: 5/5
  2683 | D:3      | Slain by an orc wizard

Illustrated notes

Levels and vault maps discovered:
D:1:      matt_arrival_los_fun, layout_rooms, minmay_tetromino_t2
D:2:      layout_basic, serial_curves, eino_curves_02, eino_curves_02,
          nicolae_gozag_cash_rules_everything_around_me, uniq_sigmund
D:3:      layout_basic, ebering_ghost_rock_garden, uniq_robin, uniq_ijyb,
          uniq_natasha

Skill      XL: |  1  2  3  4  5 |
---------------+----------------+-----
Fighting       | 3 4 |  4.0
Axes           | 5 6 |  6.3
Shields        | 1 |  1.6
Throwing       | |  1.7
Dodging        | |  2.4

Action                   |  1- 3 |  4- 6 || total
-------------------------+-------+-------++-------
Melee: War axe           |    90 |    80 ||   170
  Use: Scroll            |     2 |     1 ||     3
       Potion            |       |     5 ||     5
Armor: Leather armour    |    25 |    32 ||    57
Dodge: Dodged            |    44 |    48 ||    92
Block: Other             |    14 |       ||    14
       Reflection        |     1 |       ||     1
       Buckler           |    13 |    48 ||    61

Table legend: (Time is in decaauts)
 A = Elapsed time spent in this place.
 B = Non-inter-level travel time spent in this place.
 C = Inter-level travel time spent in this place.
 D = Time resting spent in this place.
 E = Time spent auto-exploring this place.
 F = Levels seen in this place.
 G = Mean time per level.
                   A        B        C        D        E       F      G
               +--------+--------+--------+--------+--------+-----+--------+
         Total |   2730 |   2571 |    159 |    562 |   1465 |   3 |  910.0 |
       Dungeon |   2730 |   2571 |    159 |    562 |   1465 |   3 |  910.0 |
               +--------+--------+--------+--------+--------+-----+--------+

Top non-repeatable levels by time:
     D:2: 1478 daAuts
     D:1: 1146 daAuts
     D:3: 106 daAuts
